 Dungeon Crawl Stone Soup version 0.29.0-7-g18a832c13a (webtiles) character file.

Game seed: 12424845245284844383

3199 ProzacElf the Cleaver (level 9, -2/111 HPs)
             Began as a Hill Orc Monk on Aug 31, 2022.
             Was a Priest of Zin.
             Killed by nerve-wracking pain
             ... invoked by a shadow imp
              (5 damage)
             ... on level 7 of the Dungeon.
             The game lasted 00:29:06 (11568 turns).

ProzacElf the Cleaver (Hill Orc Monk)              Turns: 11568, Time: 00:29:06

Health: -2/111     AC: 13    Str: 25    XL:     9   Next: 96%
Magic:  15/16      EV:  9    Int: 12    God:    Zin [***...]
Gold:   332        SH:  4    Dex: 21    Spells: 8/8 levels left

rFire   . . .      SeeInvis +   b - +1 morningstar (holy)
rCold   . . .      Faith    .   e - +0 buckler
rNeg    . . .      Spirit   .   m - +0 plate armour
rPois   ∞          Reflect  .   J - +0 helmet {SInv}
rElec   .          Harm     .   K - +0 cloak {Will+}
rCorr   .          Rampage  .   (no gloves)
Will    +....      Rage     3%  t - +0 pair of boots
Stlth   ..........              (no amulet)
HPRegen 0.28/turn               k - +6 ring of dexterity
MPRegen 0.15/turn               C - ring of poison resistance

@: berserking, vitalised, very quick
A: berserk 1, strong 1
a: Renounce Religion, Recite, Vitalisation, Imprison, Donate Gold


You were on level 7 of the Dungeon.
You worshipped Zin.
Zin was most pleased with you.
You visited 2 branches of the dungeon, and saw 8 of its levels.

You collected 368 gold pieces.
You donated 36 gold pieces to Zin.

Inventory:

Hand Weapons
 a - a +2 dagger of venom
 b - a +1 morningstar of holy wrath (weapon)
 r - a +3 whip
 y - a +1 vampiric war axe
 G - a +0 hand axe
 I - a +0 arbalest
Missiles
 d - 3 silver boomerangs
 j - 25 boomerangs
 v - 15 poisoned darts (quivered)
 A - 6 throwing nets
Armour
 e - a +0 buckler (worn)
 m - a +0 plate armour (worn)
 s - +2 steam dragon scales
 t - a +0 pair of boots (worn)
 z - a +0 chain mail
 J - a +0 helmet of see invisible (worn)
 K - a +0 cloak of willpower (worn)
Jewellery
 k - a +6 ring of dexterity (left hand)
 l - a ring of fire
 u - a ring of ice
 C - a ring of poison resistance (right hand)
Wands
 B - a wand of flame (13)
 D - a wand of iceblast (24)
Scrolls
 f - 3 scrolls of enchant weapon
 g - 3 scrolls of teleportation
 h - a scroll of enchant armour
 i - a scroll of magic mapping {unknown}
 n - a scroll of vulnerability {unknown}
 o - a scroll of butterflies {unknown}
 q - 2 scrolls of amnesia
 w - 2 scrolls of fear
 E - a scroll of brand weapon {unknown}
Potions
 c - 2 potions of lignification
 p - 3 potions of haste
 x - a potion of flight
 F - a potion of brilliance
 H - 2 potions of curing


   Skills:
 - Level 5.0 Fighting
 - Level 12.0 Axes
 - Level 5.0 Dodging
 - Level 1.5 Stealth
 - Level 10.0 Invocations
 + Level 3.6 Evocations


You had 8 spell levels left.
You didn't know any spells.
Your spell library contained the following spells:

 Spells                   Type           Power      Damage    Failure   Level
 Scorch                   Fire           0%         2d5       100%        2
 Airstrike                Air            0%         2d(0-16)  100%        4
 Flame Wave               Conj/Fire      0%         2d4       100%        4
 Summon Lightning Spire   Summ/Air       0%         N/A       100%        4
 Lightning Bolt           Conj/Air       0%         1d11      100%        5
 Summon Cactus Giant      Summ           0%         N/A       100%        6


Dungeon Overview and Level Annotations

Branches:
Dungeon (7/15)             Temple (1/1) D:4

Altars:
Ashenzari
Dithmenos
Elyvilon
Gozag
Hepliaklqana
Nemelex Xobeh
Okawaru
Qazlal
Trog
Uskayaw
Vehumet
Wu Jian
Yredelemnul
Zin
The Shining One

Shops:
D:5 (

Annotations:
D:4 3 runed translucent doors, apoch's ghost, amateur MiFi
D:6 2 runed translucent doors, rumses's ghost, novice HOFi


Innate Abilities, Weirdness & Mutations

You sometimes lose your temper in combat.
Your muscles are strong. (Str +4, Int/Dex -1)


Message History

Tha gnoll sergeant hits ye wit' a +0 trident.
* * * LOW HITPOINT WARNIN'
* * * Ye take 5 damage, an' haf 18/111 hp.
Ye thump tha gnoll sergeant!
Tha gnoll sergeant be severely wounded.
Tha bullfrog hits ye!
* * * LOW HITPOINT WARNIN'
* * * Tha shadow imp gestures at ye.
Ye easily resist.
Tha gnoll sergeant hits ye wit' a +0 trident.
* * * LOW HITPOINT WARNIN'
* * * Ye take 7 damage, an' haf 11/111 hp.
Ye barely miss tha gnoll sergeant.
Tha gnoll sergeant be severely wounded.
Tha bullfrog closely misses ye.
Tha bullfrog barely misses ye.
Tha shadow imp barely misses ye.
Ye block tha gnoll sergeant's attack.
Ye thump tha gnoll sergeant!
Tha gnoll sergeant be almost dead.
Tha bullfrog barely misses ye.
Tha gnoll sergeant blocks yer attack.
Tha gnoll sergeant be almost dead.
Tha shadow imp hits ye.
* * * LOW HITPOINT WARNIN'
* * * Tha gnoll sergeant hits ye but does nay damage.
Tha bullfrog hits ye.
* * * LOW HITPOINT WARNIN'
* * * Ye take 7 damage, an' haf 4/111 hp.
Ye barely miss tha gnoll sergeant.
Tha gnoll sergeant be almost dead.
Tha bullfrog hits ye but does nay damage.
Tha shadow imp hits ye.
* * * LOW HITPOINT WARNIN'
* * * Tha gnoll sergeant barely misses ye.
Ye take 2 damage, an' haf 2/111 hp.
Ye puncture tha gnoll sergeant!
Ye kill tha gnoll sergeant!
Tha bullfrog hits ye but does nay damage.
Tha shadow imp gestures at ye.
Pain shoots through yer body!
Ye die...

####################+####
.............#..?........
.###....##.###...(......
.# #..#..#.###......# .#
#.###.....#..5F..# .#
#..#..#.###..@#).# .#
##...##...#..)#[.# [#
##.###...'...###♣
.#####.###..##...#
......#......#...#
######.#.#####..... #
#...# #......# # #.#.#
#......$ # #.#.# #.......


You could see a bullfrog and a shadow imp.

Vanquished Creatures
  A komodo dragon (D:6)
  Maggie (D:6)
  Grum (D:5)
  A steam dragon (D:6)
  An ice beast (D:5)
  3 ogres
  2 centaurs
  A wolf (D:4)
  A phantom (D:4)
  6 gnoll sergeants
  A scorpion (D:5)
  3 necrophages
  12 hounds
  A jelly (D:4)
  2 orc priests
  3 gnoll boudas (D:5)
  Crazy Yiuf (D:6)
  2 iguanas
  Terence (D:2)
  5 orc wizards
  23 gnolls
  8 adders
  A white imp (D:5)
  2 dart slugs
  29 orcs
  5 endoplasms
  7 giant cockroaches
  4 goblins
  6 hobgoblins
  5 jackals
  8 kobolds
  6 quokkas
  7 ball pythons
  5 bats
  A frilled lizard (D:2)
  7 rats
173 creatures vanquished.

Vanquished Creatures (others)
  A jackal (D:4)
  A fungus (D:3)
2 creatures vanquished.

Grand Total: 175 creatures vanquished

Notes
Turn   | Place    | Note
-------+----------+-------------------------------------------
     0 | D:1      | ProzacElf the Hill Orc Monk began the quest for the Orb.
     0 | D:1      | Reached XP level 1. HP: 19/19 MP: 1/1
   250 | D:1      | Reached XP level 2. HP: 4/26 MP: 2/2
   601 | D:1      | HP: 1/26 [giant cockroach (1)]
  1621 | D:1      | Reached XP level 3. HP: 28/31 MP: 3/3
  1857 | D:2      | Noticed Terence
  1877 | D:2      | Gained mutation: You sometimes lose your temper in combat.
                  | [potion of mutation]
  1877 | D:2      | Gained mutation: Your muscles are strong. (Str +4, Int/Dex
                  | -1) [potion of mutation]
  1915 | D:2      | Killed Terence
  1916 | D:2      | Reached skill level 5 in Axes
  1916 | D:2      | Reached XP level 4. HP: 29/39 MP: 4/4
  2602 | D:3      | Found an iron altar of Okawaru.
  2646 | D:3      | Found a faded altar of an unknown god.
  3364 | D:4      | Found a runed translucent gate.
  3364 | D:4      | Found a runed translucent gate.
  3364 | D:4      | Found a runed translucent gate.
  3364 | D:4      | Noticed apoch's ghost (amateur MiFi)
  3402 | D:4      | Reached XP level 5. HP: 45/45 MP: 5/5
  3446 | D:4      | Found a staircase to the Ecumenical Temple.
  3501 | D:4      | Reached skill level 6 in Axes
  3608 | Temple   | Entered the Ecumenical Temple
  3666 | Temple   | Became a worshipper of Zin the Law-Giver
  3666 | Temple   | Reached * piety under Zin
  3666 | Temple   | Reached ** piety under Zin
  3781 | D:4      | Reached XP level 6. HP: 40/51 MP: 6/6
  3951 | D:4      | Reached skill level 7 in Axes
  4142 | D:4      | Reached *** piety under Zin
  4259 | D:5      | Entered Level 5 of the Dungeon
  4515 | D:4      | Reached XP level 7. HP: 34/57 MP: 7/7
  5029 | D:4      | Reached skill level 8 in Axes
  5029 | D:4      | Reached skill level 5 in Dodging
  5447 | D:5      | Reached skill level 9 in Axes
  5646 | D:5      | Reached skill level 1 in Invocations
  5817 | D:5      | Noticed Grum
  5831 | D:5      | Killed Grum
  5832 | D:5      | Reached XP level 8. HP: 9/64 MP: 8/10
  6367 | D:4      | Reached skill level 10 in Axes
  6741 | D:5      | Reached **** piety under Zin
  6849 | D:5      | Found Anwoi's Weapon Shoppe.
  6877 | D:5      | Reached skill level 5 in Invocations
  6995 | D:5      | Found a bloodstained altar of Trog.
  8039 | D:5      | Reached skill level 11 in Axes
  8213 | D:5      | Found an ornate altar of the Wu Jian Council.
  8213 | D:5      | Found a white marble altar of Elyvilon.
  8223 | D:5      | Found a broken altar of Ashenzari.
  8317 | D:5      | Reached XP level 9. HP: 19/70 MP: 12/14
  9586 | D:6      | Noticed Maggie
  9926 | D:6      | Reached skill level 12 in Axes
 10156 | D:6      | Found a large runed translucent door.
 10157 | D:6      | Found a large runed translucent door.
 10160 | D:6      | Noticed rumses's ghost (novice HOFi)
 10177 | D:6      | Killed Maggie
 10539 | D:6      | Noticed a komodo dragon
 10554 | D:6      | Zin protects you from harm!
 10555 | D:6      | Killed a komodo dragon
 10556 | D:6      | Reached skill level 10 in Invocations
 10556 | D:6      | Reached skill level 1 in Evocations
 11092 | D:6      | Found a runed translucent door.
 11094 | D:6      | Noticed Crazy Yiuf
 11100 | D:6      | Killed Crazy Yiuf
 11101 | D:6      | Reached skill level 5 in Fighting
 11566 | D:7      | HP: 4/111 [bullfrog (4)]
 11568 | D:7      | Killed from afar by a shadow imp

Illustrated notes

Levels and vault maps discovered:
D:1:      minmay_arrival_diagonal_passages, layout_basic,
          nicolae_concentric_dashed_squares_wild
D:2:      layout_rooms, uniq_terence
D:3:      layout_loops_ring, okawaru_trees_1,
          shapermc_ecumenical_altar_mp_urbaneastern
D:4:      layout_rooms, minmay_temple_entry_sparse_star,
          ebering_ghost_rock_garden
D:5:      layout_cave_pools, nicolae_overflow_quartered_altars,
          serial_gnoll_camp, gnoll_camp_medium_01, gnoll_camp_mini_hut,
          gnoll_camp_mini_hut, grums_kennel, gnoll_camp_mini_loothouse,
          gnoll_camp_huts_basic, serial_shops, nicolae_shop_crystal,
          minivault_25, hangedman_abyss_or_decor_jellyfish_corner
D:6:      layout_gridville, ebering_ghost_disaster_area, uniq_maggie,
          uniq_crazy_yiuf_cottage
D:7:      layout_loops_ring, kennysheep_generic_room_16
Temple:   cyrus_temple_forest

Skill      XL: |  1  2  3  4  5  6  7  8  9 |
---------------+----------------------------+-----
Dodging        | 3 4 5 |  5.0
Axes           | 5 6 7 9 11 12 | 12.0
Invocations    | 3 6 10 | 10.0
Fighting       | 5 |  5.0
Evocations     | 3 |  3.6
Stealth        | |  1.5

Action                   |  1- 3 |  4- 6 |  7- 9 || total
-------------------------+-------+-------+-------++-------
Melee: Hand axe          |   107 |    63 |       ||   170
       Punch             |     2 |     3 |     4 ||     9
       Morningstar       |       |    26 |   165 ||   191
       Dagger            |       |       |   206 ||   206
 Fire: Arbalest          |       |    97 |    27 ||   124
Throw: Dart              |       |       |    13 ||    13
Invok: Vitalisation      |       |     1 |     6 ||     7
       Imprison          |       |       |     3 ||     3
Evoke: Wand              |       |       |    11 ||    11
  Use: Potion            |     5 |       |     4 ||     9
       Scroll            |       |       |    10 ||    10
 Stab: Sleeping          |     1 |       |       ||     1
       Invisible         |       |       |     1 ||     1
Armor: Robe              |    12 |       |       ||    12
       Ring mail         |     9 |       |       ||     9
       Scale mail        |       |    22 |       ||    22
       Chain mail        |       |    98 |   201 ||   299
       Plate armour      |       |       |    81 ||    81
Dodge: Dodged            |    59 |   111 |   276 ||   446
Block: Buckler           |       |       |    26 ||    26
